 Dungeon Crawl Stone Soup version 0.29.1-14-g9c671dbff4 (webtiles) character file.

Game seed: 13261472008966080351

408786 raph the Executioner (level 23, -6/222 HPs)
             Began as a Hill Orc Berserker on Feb 20, 2023.
             Was the Champion of Trog.
             Mangled by a vampire knight
             ... wielding a +4 bardiche
              (26 damage)
             ... on level 2 of the Depths.
             The game lasted 01:24:07 (51480 turns).

raph the Executioner (Hill Orc Berserker)          Turns: 51480, Time: 01:24:07

Health: -6/222     AC: 46    Str: 28    XL:     23   Next: 46%
Magic:  0/23       EV: 17    Int:  7    God:    Trog [******]
Gold:   1546       SH:  0    Dex: 18    Spells: 22/22 levels left

rFire   + . .      SeeInvis .   a - +9 executioner's axe (venom)
rCold   + . .      Faith    .   (shield currently unavailable)
rNeg    . . .      Spirit   +   s - +7 plate armour of Ytaxus {rElec rC+}
rPois   .          Reflect  .   Q - +2 hat {Will+}
rElec   +          Harm     .   F - +2 cloak {rCorr}
rCorr   +          Rampage  +   M - +3 pair of gauntlets of War {Slay+5}
Will    +++++      Clarity  +   D - +1 pair of boots {rampage}
Stlth   ..........              f - amulet of guardian spirit
HPRegen 1.47/turn               S - ring of Wu Jian's Inspiration {Fly Will+ Str+5}
MPRegen 0.18/turn               c - ring of Patience {rF+ Will+ AC+4}

@: strong-willed, on berserk cooldown, flying, regenerating, slowed, studying
Evocations, very slow
A: iridescent scales 1, clarity, subdued magic 1
}: 2/15 runes: decaying, serpentine
a: Renounce Religion, Berserk, Trog's Hand, Brothers in Arms


You were on level 2 of the Depths.
You worshipped Trog.
Trog was exalted by your worship.
You visited 8 branches of the dungeon, and saw 39 of its levels.
You also visited: Gauntlet, Ice Cave and Volcano.

You collected 6293 gold pieces.
You spent 4747 gold pieces at shops.

Inventory:

Hand Weapons
 a - a +9 executioner's axe of venom (weapon)
 b - the +5 arbalest of Cheibriados's Respect {vorpal, rElec rN+ Int+3 SInv}
   (You found it on level 2 of the Lair of Beasts)

   Any ammunition fired from it inflicts extra damage upon your enemies.
   Int:       It affects your intelligence (+3).
   rElec:     It insulates you from electricity.
   rN:        It protects you from negative energy.
   SInv:      It lets you see invisible.
 w - a +4 battleaxe of flaming
 C - the +8 battleaxe of Propriety {antimagic, Stlth+}
   (Trog gifted it to you on level 2 of the Orcish Mines)

   It reduces the magical energy of the wielder, and disrupts the spells and
   magical abilities of those it strikes.
   Natural abilities and divine invocations are not affected.
   Stlth:     It makes you more stealthy.
Missiles
 k - 22 boomerangs (quivered)
 G - 8 boomerangs of dispersal
 V - 8 silver javelins
Armour
 s - the +7 plate armour of Ytaxus (worn) {rElec rC+}
   (You bought it in a shop on level 5 of the Dungeon)

   rC:        It protects you from cold.
   rElec:     It insulates you from electricity.
 D - a +1 pair of boots of rampaging (worn)
 F - a +2 cloak of preservation (worn)
 M - the +3 pair of gauntlets of War (worn) {Slay+5}
   (You bought it in a shop on level 5 of the Dungeon)

   Slay:      It affects your accuracy & damage with ranged weapons and melee
   (+5).
 Q - a +2 hat of willpower (worn)
Jewellery
 c - the ring of Patience (right hand) {rF+ Will+ AC+4}
   (You found it on level 1 of the Lair of Beasts)

   [ring of protection]

   AC:        It affects your AC (+4).
   rF:        It protects you from fire.
   Will:      It increases your willpower.
 f - an amulet of guardian spirit (around neck)
 i - an amulet of regeneration
 q - the ring of Kannu {Str+2 Int+6}
   (You found it on level 2 of the Depths)

   [ring of intelligence]

   Str:       It affects your strength (+2).
   Int:       It affects your intelligence (+6).
 r - the ring "Sir Ubad" {rF+ Int+6 Dex+2}
   (You found it on level 2 of the Depths)

   [ring of intelligence]

   Int:       It affects your intelligence (+6).
   Dex:       It affects your dexterity (+2).
   rF:        It protects you from fire.
 S - the ring of Wu Jian's Inspiration (left hand) {Fly Will+ Str+5}
   (You took it off a minotaur in a Gauntlet)

   [ring of flight]

   Str:       It affects your strength (+5).
   Fly:       It grants you flight.
   Will:      It increases your willpower.
 T - an amulet of the acrobat
 Y - the ring of Jitwuec {Drain rN+ AC+4 Str+4 Dex+3}
   (You found it on level 3 of the Elven Halls)

   [ring of protection]

   AC:        It affects your AC (+4).
   Str:       It affects your strength (+4).
   Dex:       It affects your dexterity (+3).
   rN:        It protects you from negative energy.
   Drain:     It drains your maximum health when unequipped.
Wands
 e - a wand of polymorph (6)
 j - a wand of flame (57)
 l - a wand of acid (27)
 z - a wand of roots (31)
 A - a wand of mindburst (39)
 I - a wand of digging (10)
 X - a wand of charming (37)
Scrolls
 m - 8 scrolls of blinking
 v - 9 scrolls of magic mapping
 y - 2 scrolls of summoning
 B - 12 scrolls of fear
 K - 18 scrolls of teleportation
 L - 5 scrolls of poison
 N - 10 scrolls of butterflies
 P - a scroll of silence
 Z - 5 scrolls of immolation
Potions
 d - 10 potions of might
 g - 12 potions of heal wounds
 h - 22 potions of curing
 p - 5 potions of resistance
 u - 7 potions of invisibility
 x - 7 potions of magic
 O - 4 potions of ambrosia
 R - 6 potions of cancellation
 W - 6 potions of haste
Miscellaneous
 n - a lightning rod (4/4)
 o - a phial of floods
 J - a condenser vane


   Skills:
 * Level 21.7 Fighting
 + Level 24.1 Axes
 + Level 13.7 Ranged Weapons
 - Level 2.6 Throwing
 + Level 21.7 Armour
 + Level 15.6 Dodging
 + Level 15.2 Evocations


You had 22 spell levels left.
You didn't know any spells.
Your spell library was empty.

Dungeon Overview and Level Annotations

Branches:
Dungeon (15/15)            Temple (0/1) D:7            Lair (5/5) D:10
  Swamp (4/4) Lair:3        Snake (4/4) Lair:3        Slime (0/5) Lair:4
    Orc (2/2) D:11            Elf (3/3) Orc:2        Vaults (4/5) D:13
  Crypt (0/3) Vaults:2     Depths (2/4) D:15          IceCv (visited)
Volcano (visited)         Gauntlet (visited)

Altars:
Ashenzari
Cheibriados
Dithmenos
Elyvilon
Fedhas
Hepliaklqana
Kikubaaqudgha
Makhleb
Nemelex Xobeh
Okawaru
Qazlal
Ru
Sif Muna
Trog
Vehumet
Wu Jian
Xom
Zin
The Shining One
Beogh
Jiyva

Shops:
D:5 (([?   D:7 =   D:10 *   D:12 [   Orc:1 [   Orc:2 !(=(   Elf:1 ?
Elf:2 [:*((   Snake:2 (   Snake:4 =:   Vaults:2 [**=   Depths:1 *[*[

Portals:
Hell: Depths:1
Abyss: Depths:1
Pandemonium: Depths:2
Ziggurat: Depths:2

Annotations:
Swamp:2 1 runed translucent door, Ychix's ghost, journeyman GnSk
Depths:1 3 runed translucent doors


Innate Abilities, Weirdness & Mutations

You are partially covered in iridescent scales. (AC +2)
You possess an exceptional clarity of mind.
Your spells are a little easier to cast, but a little less powerful.


Message History

You feel sick.
You are no longer poisoned.
Something hits you but does no damage. Something bites you but does no damage.
The stone giant throws a large rock.
The large rock hits you but does no damage.
Something closely misses you. Something barely misses you. Something hits you.
* * * LOW HITPOINT WARNING * * *
Something barely misses you.
The stone giant is engulfed in freezing vapours.
Something hits you but does no damage. Something bites you but does no damage.
Things that are here:
a +0 dagger; a +0 robe; a spark wasp corpse Something unexpectedly blocked you, preventing you from rampaging!
You slice something!! You completely miss the stone giant.
Something hits you but does no damage. Something bites you but does no damage.
The stone giant hits you but does no damage.
Something hits you!!
* * * LOW HITPOINT WARNING * * *
Something bites you.
* * * LOW HITPOINT WARNING * * *
Something draws strength from your injuries!
The stone giant misses you.
Your skin crawls.
You feel strong-willed. Something hits you but does no damage.
Something bites you but does no damage.
The sphinx hits you but does no damage. x2; The sphinx barely misses you.
Something hits you!!
* * * LOW HITPOINT WARNING * * *
Something bites you but does no damage. The stone giant hits you!!
* * * LOW HITPOINT WARNING * * *
The sphinx hits you but does no damage. x2; The sphinx misses you.
You feel much better.
The spriggan berserker shouts!
Something draws life force from you!
* * * LOW HITPOINT WARNING * * *
The sphinx hits you but does no damage. x2; The sphinx completely misses you.
The stone giant hits you but does no damage.
Something hits you!!
You die...

.#. .# #..)#.##.... ..#
#.# ###.####.### ..#..
#####..###... ...
##..####.##.## ##
#.###.##..###.##.. ##.
#)##†#####.##.##.#
...##..##)##.##..#.#.####)
#i.....C[H[##.##.##.##.).
i..##..##@####.#.#..##.###
##.#...##.##.#####.#
###...##.###..##.##
..#..##.####..## #.#
#.###).##### .. .. ####
#.. ..# ..# #..


You could see a sphinx (soul bound), a stone giant (soul bound) and a spriggan
berserker.

Vanquished Creatures
  Mara (Vaults:4)
  Sojobo (Vaults:4)
  Nikola (Elf:3)
  A tentacled monstrosity (Depths:2)
  Jorgrun (Swamp:1)
  A walking crystal tome (Depths:2)
  3 liches (Depths:2)
  3 deep elf blademasters
  2 deep elf master archers (Elf:3)
  2 ancient champions
  A tengu reaver (Depths:2)
  3 sphinxes
  A storm dragon (Depths:2)
  Roxanne (Elf:3)
  Donald (Swamp:1)
  6 nagarajas (Snake:4)
  4 fire giants (Depths:2)
  8 frost giants
  14 vault wardens
  3 deep elf sorcerers
  2 orc warlords
  Aizul (Swamp:1)
  Louise (Swamp:2)
  A cacodemon (Gauntlet)
  2 deep elf elementalists (Elf:3)
  4 spriggan defenders (Depths:2)
  The ghost of jombi the Grappler, a journeyman DrTm of Wu Jian (D:13)
  3 vampire knights
  14 stone giants
  9 ironbound preservers
  6 ironbound thunderhulks
  The ghost of nightchill the Impaler, a journeyman MfFi of Hepliaklqana (Orc:1)
  3 eleionomae
  3 war gargoyles
  9 very ugly things
  7 deep elf demonologists
  5 deep elf annihilators
  Nessos (Orc:2)
  A minotaur (Gauntlet)
  17 dire elephants
  2 entropy weavers
  8 spark wasps
  5 bunyips
  An eidolon (Vaults:2)
  7 ettins
  Josephine (Orc:2)
  8 deep elf death magi
  8 fire dragons
  2 shambling mangroves
  6 yaktaur captains
  5 great orbs of eyes
  3 deep elf high priests
  2 salamander tyrants
  3 vault guards
  2 rakshasas
  2 peacekeepers
  8 ice dragons
  12 centaur warriors
  16 hydras
  3 spriggan air magi (Depths:2)
  2 ogre magi
  19 two-headed ogres
  3 ghost crabs
  An anaconda (shapeshifter) (D:14)
  10 ironbound frosthearts
  10 alligators
  5 boulder beetles
  11 anacondas
  2 deep troll shamans
  A merfolk avatar (Lair:5)
  18 naga warriors
  A death knight (D:13)
  16 death yaks
  7 tengu warriors
  A vampire mage (Depths:2)
  2 deep troll earth magi (Depths:2)
  Urug (D:13)
  23 dancing weapons
  17 deep elf knights
  2 spriggan berserkers (Depths:2)
  2 orc high priests
  18 naga sharpshooters
  2 hell knights (Depths:2)
  7 shock serpents
  7 salamander mystics
  5 spriggans
  An iron troll (Depths:1)
  4 goliath frogs
  2 fire crabs (Lair:1)
  A sea snake (Lair:5)
  A sixfirhy (Gauntlet)
  4 bog bodies
  A flayed ghost (Depths:2)
  4 glowing orange brains (Depths:2)
  21 deep trolls
  9 naga ritualists
  2 bunyip zombies (Swamp:4)
  A death drake (Swamp:4)
  10 swamp dragons
  6 spriggan druids
  A harpy (shapeshifter) (D:14)
  14 deep elf archers
  6 harpies
  Pikel (D:5)
  16 lindwurms
  5 wizards
  A phantasmal warrior (Vaults:3)
  42 deep elf pyromancers
  11 ironbound convokers
  4 necromancers
  12 orc knights
  20 deep elf zephyrmancers
  5 orc sorcerers
  A wolf spider (shapeshifter) (Depths:2)
  15 salamanders
  31 ugly things
  4 cyclopes
  4 manticores
  4 will-o-the-wisps
  8 mana vipers
  A moth of wrath (Gauntlet)
  15 elephants
  Maurice (D:8)
  25 black mambas
  10 guardian serpents
  14 naga magi
  A cane toad (shapeshifter) (Elf:1)
  Maggie (D:8)
  An ice statue (IceCv)
  Joseph (D:7)
  15 cane toads
  2 gargoyles
  14 vault sentinels
  A torpor snail (Lair:5)
  5 unseen horrors (Depths:1)
  11 rime drakes
  4 komodo dragons
  3 kobold demonologists
  2 efreet
  A freezing wraith (D:14)
  29 yaktaurs
  3 tengu conjurers
  2 meliai (D:14)
  11 trolls
  9 tyrant leeches
  11 polar bears
  A bloated husk (Swamp:1)
  2 wind drakes (Lair:5)
  8 hornets
  A tarantella (Vaults:3)
  2 snapping turtles (Lair:5)
  17 slime creatures
  An alligator zombie (Swamp:4)
  Grinder (D:4)
  16 blink frogs
  2 dream sheep (shapeshifter)
  4 large abominations (Depths:1)
  4 air elementals
  A culicivora (shapeshifter) (D:14)
  2 shadows
  9 wraiths
  A ynoxinul (D:13)
  48 yaks
  3 fire bats (Lair:1)
  5 wyverns
  A basilisk (Lair:3)
  3 chaos spawn (Depths:1)
  7 water elementals
  4 fire elementals (Volcano)
  16 humans (D:13)
  2 neqoxecs (Gauntlet)
  Eustachio (D:5)
  4 redbacks
  13 vampire mosquitoes
  3 steam dragons
  Menkaure (D:7)
  13 swamp worms
  52 nagas
  12 water moccasins
  Edmund (D:5)
  4 wargs (D:14)
  2 acid dragons
  2 ice beasts
  7 hell hounds
  5 swamp drakes
  52 orc warriors
  A sky beast (D:7)
  11 black bears
  An alligator simulacrum (Swamp:4)
  A swamp dragon zombie (Swamp:4)
  18 wolves
  20 centaurs
  3 ogres
  A phantom (D:6)
  3 lemures (D:5)
  6 bullfrogs
  4 kobold brigands
  2 necrophages
  3 scorpions
  3 earth elementals
  3 small abominations (Depths:1)
  15 wights
  16 killer bees
  8 howler monkeys
  3 electric eels
  19 orc priests
  A gnoll bouda (D:6)
  8 hounds
  2 jellies
  Crazy Yiuf (D:7)
  Ijyb (D:5)
  4 iguanas
  38 orc wizards
  A boggart simulacrum (D:14)
  6 gnolls
  13 adders
  4 river rats (D:6)
  A shadow imp (D:8)
  3 white imps
  5 ufetubi
  4 worms
  4 dart slugs
  87 orcs
  11 ball pythons
  12 endoplasms
  4 giant cockroaches
  5 goblins
  7 hobgoblins
  2 jackals (D:2)
  4 quokkas
  7 bats
  3 frilled lizards
  15 kobolds
  11 rats
  A bush (Lair:4)
1650 creatures vanquished.

Vanquished Creatures (collateral kills)
  Vashnia (Snake:4)
  2 tengu reavers (Vaults:4)
  A deep elf death mage (Elf:3)
  A hydra (D:13)
  A naga sharpshooter (Snake:4)
  A naga mage (Snake:2)
  2 nagas
9 creatures vanquished.

Vanquished Creatures (others)
  A deep elf death mage (Elf:3)
  An ice dragon (Depths:2)
  A wizard (Vaults:2)
  A deep elf pyromancer (Volcano)
  A manticore (Lair:5)
  A yak (D:10)
  A centaur (D:14)
  An orc wizard (Orc:2)
  An orc (Orc:1)
  A bush (Lair:4)
  8 foxfires
  16 fungi
  66 plants
100 creatures vanquished.

Grand Total: 1759 creatures vanquished

Notes
Turn   | Place    | Note
-------+----------+-------------------------------------------
     0 | D:1      | raph the Hill Orc Berserker began the quest for the Orb.
     0 | D:1      | Reached XP level 1. HP: 19/19 MP: 1/1
   408 | D:1      | Reached XP level 2. HP: 17/26 MP: 2/2
   581 | D:1      | You fall into a shaft and drop 1 floor!
   590 | D:2      | Reached skill level 5 in Axes
   871 | D:2      | Reached XP level 3. HP: 17/31 MP: 3/3
  1137 | D:2      | Found a faded altar of an unknown god.
  1339 | D:2      | Reached skill level 6 in Axes
  1757 | D:2      | Reached XP level 4. HP: 33/39 MP: 4/4
  3013 | D:2      | Reached ** piety under Trog
  3255 | D:3      | Reached skill level 7 in Axes
  3259 | D:3      | Reached XP level 5. HP: 25/45 MP: 5/5
  3322 | D:3      | Reached skill level 8 in Axes
  3384 | D:3      | Found a stormy altar of Qazlal.
  3533 | D:3      | Found a sparkling altar of Nemelex Xobeh.
  3685 | D:3      | Reached XP level 6. HP: 51/51 MP: 6/6
  4324 | D:4      | Reached *** piety under Trog
  4404 | D:4      | Noticed Grinder
  4406 | D:4      | Paralysed by Grinder for 5 turns
  4434 | D:4      | Killed Grinder
  4435 | D:4      | Reached skill level 9 in Axes
  4435 | D:4      | Reached XP level 7. HP: 33/59 MP: 7/7
  4490 | D:4      | Identified a scroll of acquirement
  4490 | D:4      | Acquired a +0 vorpal broad axe
  4509 | D:4      | Found an ancient bone altar of Kikubaaqudgha.
  4671 | D:4      | Found a bloodstained altar of Trog.
  4800 | D:5      | Entered Level 5 of the Dungeon
  4805 | D:5      | Found a shimmering altar of Xom.
  4859 | D:5      | Reached skill level 10 in Axes
  4893 | D:5      | Found Essy's Weapon Boutique.
  4927 | D:5      | Found Zickiz's Weapon Boutique.
  4930 | D:5      | Bought 3 boomerangs of dispersal for 63 gold pieces
  4948 | D:5      | Noticed Pikel
  4959 | D:5      | Killed Pikel
  4960 | D:5      | Reached skill level 5 in Fighting
  4960 | D:5      | Reached skill level 11 in Axes
  4960 | D:5      | Reached XP level 8. HP: 50/69 MP: 8/8
  5126 | D:5      | Found a shadowy altar of Dithmenos.
  5130 | D:5      | Noticed Edmund
  5135 | D:5      | Noticed Ijyb
  5135 | D:5      | Noticed Eustachio
  5147 | D:5      | HP: 3/70 [Edmund/+6 vorpal dire flail (3)]
  5353 | D:6      | Reached XP level 9. HP: 70/75 MP: 9/9
  5359 | D:6      | Reached skill level 5 in Armour
  5569 | D:6      | Reached skill level 12 in Axes
  6337 | D:5      | Killed Edmund
  6341 | D:5      | Killed Ijyb
  6346 | D:5      | Killed Eustachio
  6411 | D:5      | Found Biuquuwo's Magic Scroll Shop.
  6419 | D:5      | Bought a scroll of identify for 20 gold pieces
  6419 | D:5      | Bought a scroll of identify for 20 gold pieces
  6419 | D:5      | Bought a scroll of identify for 20 gold pieces
  6419 | D:5      | Bought a scroll of identify for 20 gold pieces
  6419 | D:5      | Bought a scroll of identify for 20 gold pieces
  6419 | D:5      | Bought a scroll of magic mapping for 75 gold pieces
  6419 | D:5      | Bought a scroll of magic mapping for 75 gold pieces
  6686 | D:5      | Found Haytz's Armour Boutique.
  6970 | D:6      | Reached **** piety under Trog
  6989 | D:6      | Reached skill level 13 in Axes
  7386 | D:7      | Found a runed translucent door.
  7387 | D:7      | Noticed Crazy Yiuf
  7389 | D:7      | Identified the +7 hammer of Hepliaklqana's Grace {flame,
                  | *Rage rPois rC+ MP+9}
  7396 | D:7      | Killed Crazy Yiuf
  7453 | D:7      | Noticed Menkaure
  7460 | D:7      | Killed Menkaure
  7465 | D:7      | Reached XP level 10. HP: 40/88 MP: 10/10
  7673 | D:7      | Reached skill level 5 in Dodging
  7721 | D:7      | Found a glowing golden altar of the Shining One.
  7832 | D:7      | Found a sacrificial altar of Ru.
  8012 | D:7      | Found a broken altar of Ashenzari.
  8013 | D:7      | Found Guewo's Jewellery Shoppe.
  8044 | D:7      | Noticed Joseph
  8058 | D:7      | Killed Joseph
  8091 | D:7      | Reached skill level 14 in Axes
  8139 | D:7      | Found a staircase to the Ecumenical Temple.
  8389 | D:8      | Found an iron altar of Okawaru.
  8398 | D:8      | Noticed a two-headed ogre
  8404 | D:8      | Killed a two-headed ogre
  8560 | D:8      | Found a hazy altar of Hepliaklqana.
  8764 | D:8      | Noticed Maggie
  8768 | D:8      | Found a shimmering blue altar of Sif Muna.
  8771 | D:8      | Killed Maggie
  8864 | D:8      | Noticed Maurice
  8876 | D:8      | Killed Maurice
  9211 | D:9      | Reached skill level 15 in Axes
  9217 | D:9      | Reached XP level 11. HP: 55/97 MP: 11/11
  9367 | D:9      | Found an ornate altar of the Wu Jian Council.
  9412 | D:9      | Noticed a white ugly thing
  9421 | D:9      | Killed a white ugly thing
  9759 | D:10     | Entered Level 10 of the Dungeon
  9771 | D:10     | Noticed a soul eater
  9777 | D:10     | Noticed a soul eater
 10134 | D:10     | Reached skill level 16 in Axes
 10138 | D:10     | Reached ***** piety under Trog
 10140 | D:10     | Reached skill level 10 in Fighting
 10294 | D:10     | Found Cutz's General Store.
 10344 | D:10     | Found a staircase to the Lair.
 10580 | D:5      | Bought the +3 pair of gauntlets of War {Slay+5} for 522
                  | gold pieces
 10580 | D:5      | Found the +3 pair of gauntlets of War {Slay+5}
 10733 | Lair:1   | Entered Level 1 of the Lair of Beasts
 10886 | Lair:1   | Found a transporter.
 11032 | Lair:1   | Found a transporter.
 11034 | Lair:1   | Noticed a fire crab
 11858 | Lair:2   | Reached XP level 12. HP: 107/107 MP: 12/12
 11862 | Lair:2   | Reached skill level 17 in Axes
 11952 | Lair:2   | Found a frozen archway.
 12000 | IceCv    | Entered an ice cave
 12014 | IceCv    | Noticed a death yak
 12024 | IceCv    | Killed a death yak
 12167 | IceCv    | Noticed a frost giant
 12167 | IceCv    | Noticed a death yak
 12183 | IceCv    | Killed a death yak
 12192 | IceCv    | Killed a frost giant
 12195 | IceCv    | Reached skill level 10 in Armour
 12197 | IceCv    | Reached skill level 18 in Axes
 12287 | IceCv    | Noticed a death yak
 12287 | IceCv    | Noticed a death yak
 12287 | IceCv    | Noticed a death yak
 12288 | IceCv    | Noticed a death yak
 12292 | IceCv    | Killed a death yak
 12295 | IceCv    | Killed a death yak
 12302 | IceCv    | Killed a death yak
 12306 | IceCv    | Killed a death yak
 12357 | IceCv    | Reached XP level 13. HP: 117/117 MP: 13/13
 12963 | Lair:2   | Received a gift from Trog
 13084 | Lair:2   | Found an ornate altar of the Wu Jian Council.
 13092 | Lair:2   | Reached skill level 19 in Axes
 13523 | Lair:2   | Identified the +5 arbalest of Cheibriados's Respect
                  | {vorpal, rElec rN+ Int+3 SInv}
 14038 | Lair:3   | Found a staircase to the Snake Pit.
 14299 | Lair:3   | Found a staircase to the Swamp.
 14647 | Lair:4   | Found a dark tunnel.
 14665 | Volcano  | Entered a volcano
 14817 | Volcano  | Reached skill level 20 in Axes
 14830 | Volcano  | Received a gift from Trog
 15029 | Lair:4   | Reached XP level 14. HP: 108/127 MP: 14/14
 15169 | Lair:4   | Reached skill level 1 in Throwing
 15382 | Lair:4   | Reached skill level 21 in Axes
 15695 | Lair:4   | Found a viscous altar of Jiyva.
 15695 | Lair:4   | Found a staircase to the Slime Pits.
 16054 | Lair:5   | Entered Level 5 of the Lair of Beasts
 16566 | Lair:5   | Reached skill level 1 in Ranged Weapons
 16566 | Lair:5   | Reached skill level 1 in Evocations
 17600 | D:11     | Reached XP level 15. HP: 105/137 MP: 15/15
 17910 | D:11     | Found a roughly hewn altar of Beogh.
 17910 | D:11     | Found a staircase to the Orcish Mines.
 18073 | Orc:1    | Entered Level 1 of the Orcish Mines
 18084 | Orc:1    | Reached ****** piety under Trog
 18105 | Orc:1    | Received a gift from Trog
 18526 | D:5      | Bought the +7 plate armour of Ytaxus {rElec rC+} for 869
                  | gold pieces
 18731 | Orc:1    | Found Wuos Acs's Armour Shoppe.
 18923 | Orc:1    | Found a runed translucent gate.
 18923 | Orc:1    | Found a runed translucent gate.
 18936 | Orc:1    | Noticed nightchill's ghost (journeyman MfFi)
 18937 | Orc:1    | Found a runed translucent gate.
 19090 | Orc:1    | Reached skill level 10 in Dodging
 19438 | Orc:1    | Killed nightchill's ghost
 19599 | Orc:2    | Entered Level 2 of the Orcish Mines
 19734 | Orc:2    | Reached skill level 22 in Axes
 19738 | Orc:2    | Received a gift from Trog
 19761 | Orc:2    | Gained mutation: You are dopey. (Int -2) [a neqoxec]
 19865 | Orc:2    | Found a staircase to the Elven Halls.
 19886 | Orc:2    | Noticed Nessos
 19904 | Orc:2    | Killed Nessos
 20339 | Orc:2    | Noticed Josephine
 20346 | Orc:2    | Killed Josephine
 20348 | Orc:2    | Identified the +8 battleaxe of Propriety {antimagic,
                  | Stlth+} (Trog gifted it to you on level 2 of the Orcish
                  | Mines)
 20348 | Orc:2    | Received a gift from Trog
 20462 | Orc:2    | Found Teronuim's Antique Weapon Emporium.
 20462 | Orc:2    | Found Vuycaih's Weapon Shoppe.
 20463 | Orc:2    | Found Uticaahu's Jewellery Shoppe.
 20467 | Orc:2    | Found Kudoss's Distillery.
 20473 | Orc:2    | Bought a potion of haste for 120 gold pieces
 20473 | Orc:2    | Bought a potion of haste for 120 gold pieces
 20473 | Orc:2    | Bought a potion of ambrosia for 96 gold pieces
 20609 | Orc:1    | Found a roughly hewn altar of Beogh.
 21111 | D:12     | Found Vecryaf's Antique Armour Boutique.
 21451 | D:13     | Noticed Urug
 21451 | D:13     | Found a gate to the Vaults.
 21467 | D:13     | Killed Urug
 21468 | D:13     | Reached XP level 16. HP: 147/147 MP: 16/16
 21699 | D:13     | Found a broken altar of Ashenzari.
 21808 | D:13     | Received a gift from Trog
 22054 | D:13     | Reached skill level 5 in Evocations
 22083 | D:13     | Found a runed translucent door.
 22083 | D:13     | Noticed jombi's ghost (journeyman DrTm)
 22518 | D:14     | Found a gate leading to a gauntlet.
 22526 | Gauntlet | Entered a Gauntlet
 22526 | Gauntlet | Found a runed translucent door.
 22526 | Gauntlet | Found a transporter.
 22526 | Gauntlet | Found a runed translucent door.
 22526 | Gauntlet | Found a transporter.
 22536 | Gauntlet | Found a transporter.
 22539 | Gauntlet | Found a transporter.
 22547 | Gauntlet | Found a transporter.
 22550 | Gauntlet | Found a transporter.
 22558 | Gauntlet | Found a transporter.
 22573 | Gauntlet | Found a transporter.
 22595 | Gauntlet | Found a transporter.
 22596 | Gauntlet | Found a transporter.
 22606 | Gauntlet | Found a transporter.
 22609 | Gauntlet | Found a transporter.
 22718 | Gauntlet | Gained mutation: Your spells are a little easier to cast,
                  | but a little less powerful. [a neqoxec]
 22719 | Gauntlet | Gained mutation: Your muscles are strong. (Str +4, Int/Dex
                  | -1) [a cacodemon]
 22721 | Gauntlet | Gained mutation: You sometimes lose your temper in combat.
                  | [a neqoxec]
 22722 | Gauntlet | Gained mutation: Your body sometimes deteriorates upon
                  | taking damage. [a neqoxec]
 22730 | Gauntlet | Identified the ring of Xiffewn {Ice rElec rPois MP+9 Int+4}
 22791 | Gauntlet | Identified the ring of Wu Jian's Inspiration {Fly Will+
                  | Str+5}
 22800 | Gauntlet | Reached skill level 23 in Axes
 22831 | Gauntlet | Identified the +4 ring mail "Wuts" {rElec}
 22884 | D:14     | Reached skill level 15 in Fighting
 23140 | D:14     | Reached skill level 5 in Ranged Weapons
 23898 | D:15     | Entered Level 15 of the Dungeon
 24105 | D:15     | Received a gift from Trog
 24775 | D:15     | Found a staircase to the Depths.
 25086 | Swamp:1  | Entered Level 1 of the Swamp
 25091 | Swamp:1  | Reached XP level 17. HP: 140/156 MP: 17/17
 25296 | Swamp:1  | Noticed Aizul
 25299 | Swamp:1  | Killed Aizul
 25439 | Swamp:1  | Noticed Jorgrun
 25447 | Swamp:1  | Killed Jorgrun
 25483 | Swamp:1  | Received a gift from Trog
 25621 | Swamp:1  | Noticed Donald
 25636 | Swamp:1  | Killed Donald
 25810 | Swamp:2  | Reached skill level 24 in Axes
 25923 | Swamp:2  | Noticed Louise
 25936 | Swamp:2  | Killed Louise
 26430 | Swamp:2  | Found a runed translucent door.
 26436 | Swamp:2  | Noticed Ychix's ghost (journeyman GnSk)
 27655 | Swamp:4  | Entered Level 4 of the Swamp
 28278 | Swamp:3  | Received a gift from Trog
 28535 | Swamp:4  | Reached skill level 15 in Armour
 28665 | Swamp:4  | Reached XP level 18. HP: 110/168 MP: 18/18
 28950 | Swamp:4  | Got a decaying rune of Zot
 29215 | Snake:1  | Entered Level 1 of the Snake Pit
 29909 | Snake:1  | Identified the +5 spear of Growth {venom, Dex+4}
 30113 | Snake:1  | Received a gift from Trog
 30156 | Snake:1  | Found the +3 salamander hide armour {Flames rF++ rC--}
 30492 | Snake:2  | Found Imiwn's Weapon Emporium.
 31999 | Snake:3  | Received a gift from Trog
 32351 | Snake:4  | Entered Level 4 of the Snake Pit
 32515 | Snake:4  | Reached XP level 19. HP: 177/177 MP: 19/19
 32600 | Snake:4  | Identified the +4 short sword of Deformation {vorpal, Fly
                  | Will+ rCorr}
 32609 | Snake:4  | Noticed Vashnia
 32622 | Snake:4  | Killed Vashnia
 32699 | Snake:4  | Found Wamuihil's Book Shop.
 32703 | Snake:4  | Bought a manual of Armour for 1360 gold pieces
 32871 | Snake:4  | Found Saxzuegg's Jewellery Emporium.
 32926 | Snake:4  | Reached skill level 10 in Evocations
 33712 | Snake:4  | Received a gift from Trog
 34207 | Snake:4  | Got a serpentine rune of Zot
 34487 | Vaults:1 | Entered Level 1 of the Vaults
 35850 | Vaults:2 | Reached skill level 10 in Ranged Weapons
 36022 | Vaults:2 | Identified the +11 battleaxe "Ozicvig" {vorpal, Fly rElec}
                  | (Trog gifted it to you on level 2 of the Vaults)
 36022 | Vaults:2 | Received a gift from Trog
 36147 | Vaults:2 | Identified the +7 sling of the Abyss {venom, rF+ rN+ Dex+4}
 36231 | Vaults:2 | Found Soshukeb's Armour Emporium.
 36232 | Vaults:2 | Found Gunkoxt's General Store.
 36239 | Vaults:2 | Bought a potion of heal wounds for 60 gold pieces
 36448 | Vaults:2 | Found Igeo's Jewellery Shop.
 36462 | Vaults:2 | Reached XP level 20. HP: 189/189 MP: 20/20
 36799 | Vaults:2 | Found a staircase to the Crypt.
 36954 | Vaults:2 | Found Juyli's Assorted Antiques.
 37026 | Vaults:2 | Bought a potion of heal wounds for 155 gold pieces
 37026 | Vaults:2 | Bought a notched golden ring for 155 gold pieces
 38709 | Lair:1   | Identified the +3 ring mail of Lucidity {rPois Dex+3}
 38712 | Lair:1   | Identified the ring of Patience {rF+ Will+ AC+4}
 38866 | D:13     | Killed jombi's ghost
 39088 | Vaults:4 | Identified the +4 battleaxe of Qeynez {vorpal, Str+4 Dex+4
                  | Stlth-} (Trog gifted it to you on level 4 of the Vaults)
 39088 | Vaults:4 | Received a gift from Trog
 39395 | Vaults:4 | Noticed Mara
 39402 | Vaults:4 | Killed Mara
 39457 | Vaults:4 | Noticed Sojobo
 39472 | Vaults:4 | Killed Sojobo
 39484 | Vaults:4 | Lost mutation: Your muscles are strong. (Str +4, Int/Dex
                  | -1) [potion of mutation]
 39484 | Vaults:4 | Lost mutation: Your spells are a little easier to cast, but
                  | a little less powerful. [potion of mutation]
 39484 | Vaults:4 | Gained mutation: Your body often deteriorates upon taking
                  | damage. [potion of mutation]
 39484 | Vaults:4 | Gained mutation: You have hidden genetic defects. [potion
                  | of mutation]
 39484 | Vaults:4 | Lost mutation: You are dopey. (Int -2) [potion of mutation]
 39485 | Vaults:4 | Lost mutation: Your body often deteriorates upon taking
                  | damage. [potion of mutation]
 39485 | Vaults:4 | Lost mutation: Your body sometimes deteriorates upon taking
                  | damage. [potion of mutation]
 39485 | Vaults:4 | Gained mutation: You are robust. (+10% HP) [potion of
                  | mutation]
 39485 | Vaults:4 | Gained mutation: You are partially covered in iridescent
                  | scales. (AC +2) [potion of mutation]
 39633 | Vaults:2 | Bought a potion of mutation for 96 gold pieces
 39633 | Vaults:2 | Lost mutation: You sometimes lose your temper in combat.
                  | [potion of mutation]
 39633 | Vaults:2 | Lost mutation: You are robust. (+10% HP) [potion of
                  | mutation]
 39633 | Vaults:2 | Lost mutation: You have hidden genetic defects. [potion of
                  | mutation]
 39633 | Vaults:2 | Gained mutation: You do not regenerate when monsters are
                  | visible. [potion of mutation]
 39633 | Vaults:2 | Gained mutation: Your body sometimes deteriorates upon
                  | taking damage. [potion of mutation]
 40254 | Vaults:4 | Reached XP level 21. HP: 161/199 MP: 16/21
 41085 | Vaults:4 | Received a gift from Trog
 42666 | Elf:1    | Entered Level 1 of the Elven Halls
 42977 | Elf:1    | Found a radiant altar of Vehumet.
 42987 | Elf:1    | Found Fuzakk's Magic Scroll Shoppe.
 43003 | Elf:1    | Bought a scroll of blinking for 112 gold pieces
 43033 | Elf:1    | Found a radiant altar of Vehumet.
 43185 | Elf:1    | Paralysed by an air elemental for 1 turns
 43485 | Elf:1    | Received a gift from Trog
 44321 | Elf:2    | Found a runed translucent gate.
 44321 | Elf:2    | Found a runed translucent gate.
 44331 | Elf:2    | Found a runed translucent gate.
 44389 | Elf:2    | Found Qumas's Armour Shoppe.
 44416 | Elf:2    | Found Ydeudu's Book Boutique.
 44610 | Elf:2    | Found Vemnugai's Weapon Emporium.
 44624 | Elf:2    | Found Tiusulli's Weapon Emporium.
 44659 | Elf:2    | Found Veisch's Assorted Antiques.
 44871 | Elf:2    | Received a gift from Trog
 45205 | Elf:2    | Reached XP level 22. HP: 54/210 MP: 7/22
 45805 | Elf:3    | Entered Level 3 of the Elven Halls
 45807 | Elf:3    | Noticed Roxanne
 45821 | Elf:3    | Killed Roxanne
 46352 | Elf:3    | Noticed Nikola
 46360 | Elf:3    | Killed Nikola
 46641 | Elf:3    | Found an ancient bone altar of Kikubaaqudgha.
 46763 | Elf:3    | Received a gift from Trog
 47463 | Elf:3    | Identified the ring of Jitwuec {Drain rN+ AC+4 Str+4 Dex+3}
 47486 | Elf:3    | Identified the +8 spear of the Fabulous God {vorpal, rF+
                  | Will+}
 47751 | Elf:3    | Reached skill level 15 in Dodging
 47908 | Elf:3    | Received a gift from Trog
 48228 | Depths:1 | Entered Level 1 of the Depths
 48240 | Depths:1 | Found Poptoted's Assorted Antiques.
 48240 | Depths:1 | Found Xeass's Armour Emporium.
 48284 | Depths:1 | Bought a diamond ring for 135 gold pieces
 48284 | Depths:1 | Bought a scroll of teleportation for 81 gold pieces
 48284 | Depths:1 | Bought a potion of mutation for 216 gold pieces
 48286 | Depths:1 | Lost mutation: You do not regenerate when monsters are
                  | visible. [potion of mutation]
 48286 | Depths:1 | Lost mutation: Your body sometimes deteriorates upon taking
                  | damage. [potion of mutation]
 48286 | Depths:1 | Gained mutation: Your spells are a little easier to cast,
                  | but a little less powerful. [potion of mutation]
 48286 | Depths:1 | Gained mutation: You possess an exceptional clarity of
                  | mind. [potion of mutation]
 48327 | Depths:1 | Found a runed translucent gate.
 48327 | Depths:1 | Found a runed translucent gate.
 48329 | Depths:1 | Found a runed translucent gate.
 48362 | Depths:1 | Found a one-way gate to the infinite horrors of the Abyss.
 48837 | Depths:1 | Found a glowing silver altar of Zin.
 48889 | Depths:1 | Found Big Baal Hell's Store.
 48903 | Depths:1 | Found a gateway to Hell.
 49214 | Depths:1 | Found Laze's Antique Armour Shoppe.
 49220 | Depths:1 | Bought a pair of embroidered boots for 337 gold pieces
 49679 | Depths:2 | Received a gift from Trog
 50010 | Depths:2 | Reached XP level 23. HP: 206/220 MP: 20/23
 50161 | Depths:2 | Identified the ring of Kannu {Str+2 Int+6}
 50180 | Depths:2 | Identified the ring "Sir Ubad" {rF+ Int+6 Dex+2}
 50183 | Depths:2 | Identified the +10 short sword of Perversion {holy, rC+++
                  | rN+ Dex+2 Stlth-}
 50316 | Depths:2 | Found a blossoming altar of Fedhas.
 50316 | Depths:2 | Found a snail-covered altar of Cheibriados.
 50317 | Depths:2 | Found a snail-covered altar of Cheibriados.
 50318 | Depths:2 | Found a white marble altar of Elyvilon.
 50318 | Depths:2 | Found a burning altar of Makhleb.
 50318 | Depths:2 | Found a one-way gate leading to the halls of Pandemonium.
 50727 | Depths:2 | Acquired a manual of Evocations
 51292 | Depths:2 | Found a one-way gateway to a ziggurat.
 51384 | Depths:2 | Identified the +2 hand axe "Dragonbane" {drain, rElec Str-2
                  | SInv Stlth-}
 51420 | Depths:2 | Reached skill level 15 in Evocations
 51456 | Depths:2 | Received a gift from Trog
 51479 | Depths:2 | HP: 2/222 [stone giant (18)]
 51480 | Depths:2 | Mangled by a vampire knight

Illustrated notes

Levels and vault maps discovered:
D:1:      evilmike_arrival_hilbert_curve, layout_basic, minmay_circled_x
D:2:      layout_loops_ring, serial_bayou, serial_bayou_pond_b,
          serial_bayou_crossing, serial_bayou_shore_a, serial_bayou_ford_a,
          ebering_ecumenical_altar_abandoned, nrook_mini_backslash,
          corexii_hall_statues_t
D:3:      layout_loops_ring, nicolae_qazlal_general_emergency,
          nemelex_spade_bored_becter
D:4:      layout_basic, trog_butcher_becter, marbit_many_paths, uniq_grinder
D:5:      layout_basic, mainiacjoe_overflow_small_starburst,
          mainiacjoe_overflow_concentric_impassable, serial_shops,
          nicolae_shop_behind_doors, nicolae_shop_trees, shop_fountains,
          shop_fountains, skrybe_limestone_x, uniq_pikel, uniq_ijyb,
          uniq_eustachio, uniq_edmund
D:6:      nicolae_whirlpool, layout_gridville, lightli_sewer_entry_pipes
D:7:      layout_loops_ring, mainiacjoe_overflow_paths,
          nicolae_ru_path_of_blood, tso_metal_star,
          minmay_temple_entry_nine_rooms, serial_shops, shop,
          uniq_crazy_yiuf_cottage, uniq_menkaure, uniq_joseph
D:8:      layout_loops_ring, mainiacjoe_overflow_tiny_flanked,
          nicolae_sif_muna_condensation, worldfamousw_hep_ancestral_shrine,
          grunt_ministairs_12, uniq_maggie, uniq_maurice
D:9:      layout_rooms, nzn_wu_jian_council_hall, kennysheep_nub
D:10:     layout_cave_pools, erik_lair_island, serial_shops,
          nicolae_lakefront_shop, minmay_door_square
D:11:     layout_loops_ring, david_orc_5
D:12:     layout_rooms, serial_shops, nicolae_shop_window_shopping
D:13:     layout_irregular_city, david_vaults_3, hellmonk_ghost_big_iron,
          nicolae_ashenzari_panopticon
D:14:     minmay_isolated_rectangles_in_corner, layout_cave_pools,
          gauntlet_entry_generic, kennysheep_minor_cross, nooodl_orcs_dogs
D:15:     grunt_enter_depths_snipers, layout_cave_pods,
          chequers_serial_rivers_micro_d
Lair:1:   gammafunk_cloud_chamber, layout_cave_pods,
          hangedman_lair_unloving_vines, beast_lair_carwin_9, uniq_urug
Lair:2:   beast_lair_carwin_large_3, layout_gridlike, portal_ice_cave_rime,
          basic_altar
Lair:3:   layout_misc_corridors, minmay_swamp_entry_wisps,
          guppyfry_snake_entry_island, chequers_serial_rivers_micro_d,
          minmay_stone_trees_small
Lair:4:   layout_regular_city, dpeg_slime_entry_enclosed, enter_volcano_3,
          nicolae_lair_grazing_beasts [nicolae_sub_lair_graze_edge,
          nicolae_sub_lair_graze_edge, nicolae_sub_lair_graze_edge,
          nicolae_sub_lair_graze_edge]
Lair:5:   gammafunk_lair_ancient_temple, layout_gridlike, patterned_corridor
Swamp:1:  layout_basic_swamp, evilmike_swamp_ruin_house_5, uniq_donald,
          uniq_jorgrun, uniq_aizul
Swamp:2:  layout_basic_swamp, ebering_ghost_reflecting_pool, serial_swamp_ruin,
          evilmike_swamp_ruin_wall, hangedman_swamp_ruin_wall, uniq_louise
Swamp:3:  layout_falls_marsh, evilmike_swamp_ruin_house_4
Swamp:4:  swamp_alternative, layout_basic_swamp, swamp_pool4,
          nicolae_swamp_necromancer_hut
Snake:1:  layout_onion, hellmonk_guarded_unrand_salamander, grunt_megastairs_5
Snake:2:  layout_grid_maze, serial_shops, nicolae_shop_bloodbath_and_beyond
Snake:3:  layout_cave_town
Snake:4:  grunt_snake_rune_serpentine_throne, layout_grid_maze, serial_shops,
          shop, minmay_shop_star, uniq_vashnia
Orc:1:    minmay_goldmine, layout_diamond_mine, special_room [special_room_orc],
          serial_shops, nicolae_shop_hallway_plus, gammafunk_ghost_split
Orc:2:    st_orc_mages, layout_diamond_mine, uniq_nessos, uniq_josephine
Elf:1:    minmay_elf_arrival_plus, layout_loops_cross, serial_shops, shop_coins,
          minmay_elf_sorcery, hangedman_feature_mirror
Elf:2:    nicolae_elf_blades_splatter_lattice [nicolae_blade_entry_pointy_end],
          layout_loops_cross, serial_shops, nicolae_shop_statue_plus, shop,
          nicolae_lakefront_shop, nicolae_stop_n_shop_2, shop
Elf:3:    elf_hall_gauntlet_wide, layout_loops_cross, basic_altar,
          evilmike_minifort, uniq_roxanne, uniq_nikola
Vaults:1: vaults_room_hallway, hangedman_vaults_capsules, v_alt_pattern_1,
          vaults_mumra_chevron, nicolae_vaults_sealed_display, vaults_mumra_hex,
          vaults_dpeg_hooks, v_misc_12, nicolae_vaults_mini_display_case,
          layout_vaults_chaotic_city
Vaults:2: ontoclasm_vaults_loading_screen, v_misc_18, vaults_room_door_ring,
          minmay_crypt_entry_simple_sparse, nicolae_vaults_circle_grid_a,
          nicolae_vaults_twisting_passages, hangedman_vaults_locks, st_cells,
          nicolae_vaults_yaktaur_gun_rack, layout_vaults_omnigrid, serial_shops,
          nicolae_shop_stone, nicolae_diamond_shop, shop, shop
Vaults:3: nicolae_vaults_network_periphery, st_diamondy, vaults_mumra_hexcomb,
          v_misc_10, v_misc_26, v_misc_23, nicolae_vaults_rhombus_5,
          vaults_room_corners, nicolae_vaults_circle_grid_b,
          vaults_room_stairs_pillars, hangedman_vaults_variations,
          ontoclasm_vaults_loading_screen, layout_vaults_maze_snakey,
          uniq_margery
Vaults:4: infiniplex_enter_wizlab_water, grunt_vaults_diagonal,
          nicolae_vaults_octagons, nicolae_vaults_ring_of_whatevers, v_misc_33,
          vaults_room_hallway, v_misc_31, grunt_vaults_bifocal,
          hangedman_vaults_river_flow, v_rooms_3, v_alt_pattern_6,
          nicolae_vaults_theta, layout_vaults_big_cross, uniq_sojobo, uniq_mara
Depths:1: layout_roguey, hangedman_abyss_or_decor_clamps,
          nicolae_hell_entry_big_baal_hell, serial_shops, shop_fountains,
          ploomutoo_gammafunk_ghost_potion_laboratory, minmay_room_of_horrors,
          zin_angel, minmay_shoptagon
Depths:2: minmay_the_grid_ultimate [minmay_the_grid_prize_inner_circle,
          minmay_the_grid_prize_diamond_cup, minmay_the_grid_prize_trominoes,
          minmay_the_grid_prize_trominoes,
          minmay_the_grid_square_5x5_two_walls_b, minmay_the_grid_square_5x5_v,
          minmay_the_grid_square_5x5_minivault,
          minmay_the_grid_square_5x5_sharp_hourglass,
          minmay_the_grid_square_5x5_bridge,
          minmay_the_grid_square_5x5_pentomino_r,
          minmay_the_grid_square_5x5_three_walls,
          minmay_the_grid_square_5x5_two, minmay_the_grid_square_5x5_bite,
          minmay_the_grid_square_5x5_hollow_slash,
          minmay_the_grid_square_5x5_spiral_small,
          minmay_the_grid_square_5x5_empty, minmay_the_grid_square_5x5_shrine1,
          minmay_the_grid_square_5x5_z, minmay_the_grid_square_5x5_six,
          minmay_the_grid_triangle_9x9_odd_lines,
          minmay_the_grid_triangle_9x9_limited_checkers,
          minmay_the_grid_triangle_9x9_flanged_cone,
          minmay_the_grid_triangle_9x9_shrine,
          minmay_the_grid_triangle_9x9_checkered,
          minmay_the_grid_triangle_9x9_cache,
          minmay_the_grid_triangle_9x9_subtriangle,
          minmay_the_grid_triangle_9x9_skeleton,
          minmay_the_grid_triangle_9x9_from_above,
          minmay_the_grid_triangle_9x9_tough_junction,
          minmay_the_grid_triangle_9x9_semitri,
          minmay_the_grid_triangle_9x9_impossible_snake,
          minmay_the_grid_triangle_9x9_alien,
          minmay_the_grid_triangle_9x9_minimal,
          minmay_the_grid_triangle_9x9_zippers_vertical,
          minmay_the_grid_triangle_9x9_intruding_spiral,
          minmay_the_grid_square_5x5_two_walls_a, minmay_the_grid_octo_shrine,
          minmay_the_grid_octo_77, minmay_the_grid_octo_fan_narrow,
          minmay_the_grid_octo_clover_2, minmay_the_grid_octo_vomiting_pacman,
          minmay_the_grid_octo_thin_diamonds, minmay_the_grid_octo_focus,
          minmay_the_grid_octo_clover, minmay_the_grid_armoury,
          minmay_the_grid_spikes, minmay_the_grid_airy,
          minmay_the_grid_medium_cups], serial_shops, pan_entry, hell_entry

Skill      XL: |  1  2  3  4  5  6  7  8  9 10 11 12 13 14 15 16 17 18 19 20 21 22 23 |
---------------+----------------------------------------------------------------------+-----
Axes           | 5 6 7 8 9 11 13 15 16 18 20 21 22 23 24 | 24.1
Fighting       | 4 5 6 7 9 10 11 12 13 14 15 16 17 18 19 20 21 | 21.7
Dodging        | 2 3 4 5 7 8 9 10 11 12 13 14 15 | 15.6
Armour         | 4 6 7 9 10 11 12 13 14 15 16 17 19 20 21 | 21.7
Throwing       | 2 |  2.6
Ranged Weapons | 1 4 5 7 9 10 11 12 13 | 13.7
Evocations     | 2 4 6 8 9 11 12 13 14 15 | 15.2

Action                   |  1- 3 |  4- 6 |  7- 9 | 10-12 | 13-15 | 16-18 | 19-21 | 22-24 || total
-------------------------+-------+-------+-------+-------+-------+-------+-------+-------++-------
Melee: Hand axe          |    81 |   137 |       |       |       |       |       |       ||   218
       Punch             |     1 |       |     1 |       |       |       |       |       ||     2
       War axe           |       |    49 |     4 |       |       |       |       |       ||    53
       Broad axe         |       |       |   270 |     1 |       |       |       |       ||   271
       Battleaxe         |       |       |       |   307 |    34 |    25 |       |       ||   366
       Executioner's axe |       |       |       |       |   649 |   825 |   962 |   624 ||  3060
       Whip              |       |       |       |       |     7 |       |       |       ||     7
 Fire: Arbalest          |       |       |       |       |   215 |    64 |    20 |    18 ||   317
Throw: Boomerang         |       |       |     5 |       |       |       |       |       ||     5
       Javelin           |       |       |     3 |       |       |       |       |       ||     3
Invok: Berserk           |     3 |     3 |     4 |     9 |     7 |     5 |     7 |     2 ||    40
       Trog's Hand       |       |     2 |     2 |     1 |     3 |     4 |     4 |     2 ||    18
       Brothers in Arms  |       |       |       |       |     1 |     3 |     2 |     1 ||     7
Evoke: Wand              |       |       |       |       |     4 |     1 |     1 |       ||     6
       Condenser vane    |       |       |       |       |     1 |       |     1 |     1 ||     3
  Use: Scroll            |       |    10 |    14 |     9 |     8 |     8 |     2 |     1 ||    52
       Potion            |       |       |       |     1 |     1 |     1 |     5 |     3 ||    11
 Stab: Sleeping          |       |     2 |       |       |       |       |       |       ||     2
       Confused          |       |       |       |       |     1 |     1 |       |       ||     2
       Distracted        |       |       |       |       |       |     1 |       |     1 ||     2
Armor: Animal skin       |    18 |     7 |       |       |       |       |       |       ||    25
       Chain mail        |       |    68 |       |       |       |       |       |       ||    68
       Leather armour    |       |     7 |       |       |       |       |       |       ||     7
       Plate armour      |       |    16 |   184 |   198 |   641 |   686 |   537 |   349 ||  2611
Dodge: Dodged            |    49 |    75 |   110 |   128 |   418 |   558 |   477 |   324 ||  2139
